 Dungeon Crawl Stone Soup version 0.22.0-16-gc6d26f6 (webtiles) character file.

109 sking99 the Insei (level 4, 0/21 HPs)
             Began as a Vine Stalker Transmuter on Aug 17, 2018.
             Slain by Natasha (3 damage)
             ... on level 2 of the Dungeon.
             The game lasted 00:03:16 (1844 turns).

sking99 the Insei (Vine Stalker Transmuter)         Turns: 1844, Time: 00:03:17

Health: 0/21       AC:  7    Str: 10 (12) XL:     4   Next: 90%
Magic:  0/8        EV: 15    Int: 12 (13) God:
Gold:   66         SH:  0    Dex: 18 (21) Spells: 4/7 levels left

rFire    + . .     SeeInvis .     - Unarmed
rCold    . . .     Gourm    .   (no shield)
rNeg     . . .     Faith    .   k - +1 ring mail {rF+}
rPois    .         Spirit   +   (no helmet)
rElec    .         Reflect  .   (no cloak)
rCorr    .         Harm     .   (no gloves)
MR       .....                  j - +0 pair of boots
Stlth    ++........             (no amulet)
HPRegen  0.47/turn              (no ring)
MPRegen  0.11/turn              (no ring)

@: agile, lethally poisoned (0 -> -1), slowed, very slow
A: fangs 2, regeneration 1, magic shield, antimagic bite, no potion heal 3, rot
immunity
a: no special abilities


You were on level 2 of the Dungeon.
You were not hungry.

You visited 1 branch of the dungeon, and saw 2 of its levels.

You collected 66 gold pieces.

Inventory:

Missiles
 a - 11 arrows
Armour
 b - a +0 robe
 j - a +0 pair of boots (worn)
 k - a +1 ring mail of fire resistance (worn)
Scrolls
 e - a scroll of enchant weapon {unknown}
 f - 2 scrolls of identify {unknown}
 h - a scroll of noise {unknown}
 o - a scroll of remove curse {unknown}
 r - a scroll of magic mapping {unknown}
Potions
 c - a potion of cancellation {unknown}
 i - a potion of mutation {unknown}
 n - a potion of degeneration
 p - a potion of resistance {unknown}
 q - a potion of lignification {unknown}
Comestibles
 d - 2 rations
 m - a chunk of flesh


   Skills:
 + Level 0.9 Fighting
 - Level 1.5 Dodging
 + Level 4.1 Unarmed Combat
 - Level 2.1 Spellcasting
 - Level 4.0 Transmutations


You had 4 spell levels left.
You knew the following spells:

 Your Spells              Type           Power        Failure   Level  Hunger
a - Beastly Appendage     Tmut           ##....       14%         1    ##.....
b - Sticks to Snakes      Tmut           ##......     21%         2    ###....

Your spell library contained the following spells:

 Spells                   Type           Power        Failure   Level  Hunger
 Spider Form              Tmut/Pois      #.........   67%         3    ####...
 Blade Hands              Tmut           ##........   98%         5    ######.
 Ice Form                 Ice/Tmut       #.......     97%         4    #####..


Dungeon Overview and Level Annotations

Branches:
Dungeon (2/15)

Altars:

Shops:
D:2 *

Annotations:
D:2 Natasha


Innate Abilities, Weirdness & Mutations

You have extremely sharp teeth.
Your natural rate of healing is unusually fast.
When hurt, damage is shared between your health and your magic reserves.
Your bite disrupts and absorbs the magic of your enemies.
Potions cannot restore your health.
You are immune to rotting.


Message History

You closely miss the adder.
The adder is lightly wounded.
You feel sick. The adder bites you.
You are more poisoned.
The adder poisons you! Natasha closely misses you.
The adder bites you but does no damage. Natasha claws you.
You barely miss the adder.
The adder is lightly wounded.
You feel sick. The adder bites you but does no damage.
The adder closely misses you. Natasha barely misses you.
You barely miss the adder. Your bite misses the adder.
The adder is lightly wounded.
You feel sick. The adder bites you. Natasha claws you.
* * * LOW HITPOINT WARNING * * *
The adder bites you.
* * * LOW HITPOINT WARNING * * *
It was a potion of agility.
You feel agile all of a sudden.
You feel sick. Natasha claws you.
You die...

#..##......####..
#...............#
#...#......####..
#...#####.....##.
#...### #......##
#.....# ##.#.#..
#...#.## #.#....
##......# .###..
##@......## .# #.
#.Sh......# .
#........... ..
#.........#.. ###
#............
#...........
##.......##.
.........#
.<........


You could see Natasha and an adder.

Vanquished Creatures
  Natasha (twice) (D:2)
  2 adders (D:2)
  3 dart slugs (D:1)
  A ball python (D:1)
  4 bats
  A giant cockroach (D:1)
  2 goblins (D:1)
  3 hobgoblins
  7 kobolds
  4 rats (D:1)
29 creatures vanquished.

Vanquished Creatures (collateral kills)
  An adder (D:2)
1 creature vanquished.

Grand Total: 30 creatures vanquished

Notes
Turn   | Place    | Note
-------+----------+-------------------------------------------
     0 | D:1      | sking99 the Vine Stalker Transmuter began the quest for the Orb.
     0 | D:1      | Reached XP level 1. HP: 9/9 MP: 4/4
   325 | D:1      | Reached XP level 2. HP: 14/14 MP: 6/6
   329 | D:1      | Learned a level 2 spell: Sticks to Snakes
   878 | D:1      | Reached XP level 3. HP: 4/17 MP: 2/7
  1494 | D:2      | Noticed Natasha
  1503 | D:2      | Killed Natasha
  1533 | D:2      | Gained mutation: Your natural rate of healing is unusually fast. [Vine Stalker growth]
  1533 | D:2      | Reached XP level 4. HP: 13/21 MP: 6/8
  1632 | D:2      | Found Gozag's Platinum Reserve.
  1655 | D:2      | Noticed Natasha
  1668 | D:2      | Killed Natasha
  1835 | D:2      | Noticed Natasha
  1844 | D:2      | Slain by Natasha

Skill      XL: |  1  2  3  4 |
---------------+-------------+-----
Unarmed Combat | 4 |  4.1
Transmutations | 3 4 |  4.0
Fighting       | |  0.9
Dodging        | |  1.5
Spellcasting   | |  2.1

Action                   |  1- 3 |  4- 6 || total
-------------------------+-------+-------++-------
Melee: Unarmed           |    90 |    42 ||   132
       Bite              |    20 |    11 ||    31
       Punch             |     1 |     1 ||     2
 Cast: Beastly Appendage |     1 |       ||     1
       Sticks to Snakes  |       |     1 ||     1
  Use: Potion            |       |     3 ||     3
 Stab: Sleeping          |     1 |       ||     1
  Eat: Chunk             |     2 |     1 ||     3
Armor: Robe              |    15 |       ||    15
       Ring mail         |    11 |    30 ||    41
Dodge: Dodged            |    51 |    26 ||    77
